 Dungeon Crawl Stone Soup version 0.28.0-47-ge53b351184 (webtiles) character file.

Game seed: 13745201377929640400

195 greasedhog the Poker (level 6, 0/47 HPs)
             Began as a Formicid Fighter on May 9, 2022.
             Slain by a gnoll
             ... wielding a +2 halberd of protection
              (9 damage)
             ... on level 3 of the Dungeon.
             The game lasted 00:05:05 (2465 turns).

greasedhog the Poker (Formicid Fighter)             Turns: 2465, Time: 00:05:06

Health: 0/47       AC: 11    Str: 23    XL:     6   Next: 4%
Magic:  6/6        EV:  9    Int:  7    God:
Gold:   78         SH:  5    Dex: 16    Spells: 5/5 levels left

rFire   + . .      SeeInvis +   a - +1 trident
rCold   . . .      Faith    .   c - +0 buckler
rNeg    . . .      Spirit   .   b - +0 scale mail
rPois   .          Reflect  .   (helmet unavailable)
rElec   .          Harm     .   m - +0 cloak
rCorr   .          Rampage  .   g - +2 pair of gloves of the Sailor {rF+}
Will    .....                   (no boots)
Stlth   ..........              (no amulet)
HPRegen 0.15/turn               h - +6 ring of dexterity
MPRegen 0.10/turn               (no ring)

@: mighty
A: permanent stasis, dig shafts and tunnels, antennae 3, four strong arms
a: Dig, Shaft Self


You were on level 3 of the Dungeon.
You visited 1 branch of the dungeon, and saw 3 of its levels.

You collected 78 gold pieces.

Inventory:

Hand Weapons
 a - a +1 trident (weapon)
Armour
 b - a +0 scale mail (worn)
 c - a +0 buckler (worn)
 g - the +2 pair of gloves of the Sailor (worn) {rF+}
   (You found it on level 3 of the Dungeon)

   rF:        It protects you from fire.
 m - a +0 cloak (worn)
Jewellery
 h - a +6 ring of dexterity (left hand)
Wands
 f - a wand of flame (21)
Scrolls
 e - a scroll of enchant armour
 i - a scroll of vulnerability {unknown}
 k - 2 scrolls of enchant weapon
Potions
 j - a potion of mutation {unknown}
 l - a potion of curing
 n - a potion of invisibility {unknown}
 o - a potion of heal wounds {unknown}


   Skills:
 - Level 3.2 Fighting
 * Level 5.8 Polearms
 - Level 3.2 Armour
 - Level 3.6 Shields


You had 5 spell levels left.
You didn't know any spells.
Your spell library contained the following spells:

 Spells                   Type           Power      Damage    Failure   Level
 Freeze                   Ice            0%         1d3       82%         1
 Sublimation of Blood     Necr           0%         N/A       91%         2
 Wereblood                Tmut           0%         N/A       91%         2
 Frozen Ramparts          Ice            0%         1d2       99%         3
 Gell's Gravitas          Tloc           0%         N/A       99%         3
 Lesser Beckoning         Tloc           0%         N/A       99%         3
 Teleport Other           Tloc           0%         N/A       99%         3
 Hailstorm                Conj/Ice       0%         3d3       100%        4
 Summon Hydra             Summ           0%         N/A       100%        7


Dungeon Overview and Level Annotations

Branches:
Dungeon (3/15)

Altars:


Innate Abilities, Weirdness & Mutations

You cannot be hasted, slowed, berserked, paralysed or teleported.
You can dig through walls and to a lower floor.
You have a pair of large antennae on your head. (SInv)
Your four strong arms can wield two-handed weapons with a shield.


Message History

The gnoll is lightly wounded.
You block the gnoll's attack.
The gnoll hits you from afar with a +2 halberd of protection.
Reach: a) +1 trident
Press: ? - help, Dir - move target, f/p - gnoll
Aim: a gnoll, wielding a +2 halberd of protection (about 34% to evade your +1 trident)
You reach to attack!
You hit the gnoll.
The gnoll is moderately wounded.
You block the gnoll's attack. x2
Reach: a) +1 trident
Press: ? - help, Dir - move target, f/p - gnoll
Aim: a gnoll, wielding a +2 halberd of protection (moderately wounded, about 34% to evade your +1 trident)
You reach to attack!
You puncture the gnoll!
The gnoll is almost dead.
The gnoll hits you with a +0 flail.
The gnoll hits you from afar with a +2 halberd of protection!
Reach: a) +1 trident
Press: ? - help, Dir - move target, f/p - gnoll
Aim: a gnoll, wielding a +2 halberd of protection (almost dead, about 34% to evade your +1 trident)
The gnoll is in the way.
You hit the gnoll.
The gnoll is heavily wounded.
The gnoll hits you with a +0 flail. The gnoll barely misses you.
You feel very mighty all of a sudden. You block the gnoll's attack.
The gnoll barely misses you.
Reach: a) +1 trident
Press: ? - help, Dir - move target, f/p - gnoll
Aim: a gnoll, wielding a +2 halberd of protection (almost dead, about 34% to evade your +1 trident)
The gnoll is in the way.
You impale the gnoll!!
You kill the gnoll!
The gnoll hits you from afar with a +2 halberd of protection!
* * * LOW HITPOINT WARNING * * *
You have reached level 6!
Reach: a) +1 trident
Press: ? - help, Dir - move target, f - gnoll, p - gnoll
Aim: a gnoll, wielding a +1 whip of holy wrath (lightly wounded, about 34% to evade your +1 trident)
You puncture the gnoll!
The gnoll is severely wounded.
You block the gnoll's attack.
The gnoll hits you from afar with a +2 halberd of protection!
You die...

#..######.####.##.##.....##.##
.......##.# ##...##.†.##...##
#..###.##.#####.....##)##.(...#
#..###.##.....#...............#
.......##.#####.....#####.....#
...###.##.## ##...### ##...##
#.## #.#...## #####.# #####
#.####..#.#.#####....#
#.#...........gg@.#
........#.#.#.###...#
....##.#...#...###.#####
#......##.#.....##.....#
#.#######.......)..### #.#
###.....##.# ..# ##...## # #.#
h.....## { #.# ###### {


You could see 2 gnolls.

Vanquished Creatures
  A bullfrog zombie (D:3)
  6 gnolls
  4 adders
  A worm (D:2)
  5 dart slugs
  An orc (D:3)
  3 endoplasms
  3 giant cockroaches
  4 goblins
  5 hobgoblins
  6 jackals
  2 quokkas
  5 ball pythons
  2 bats (D:2)
  A frilled lizard (D:2)
  4 kobolds
  4 rats
57 creatures vanquished.

Notes
Turn   | Place    | Note
-------+----------+-------------------------------------------
     0 | D:1      | greasedhog the Formicid Fighter began the quest for the
                  | Orb.
     0 | D:1      | Reached XP level 1. HP: 18/18 MP: 1/1
   303 | D:1      | Reached XP level 2. HP: 24/24 MP: 2/2
   486 | D:1      | Reached skill level 3 in Polearms
   625 | D:1      | Reached XP level 3. HP: 19/29 MP: 3/3
   908 | D:1      | Found a faded altar of an unknown god.
  1389 | D:2      | Reached skill level 4 in Polearms
  1389 | D:2      | Reached XP level 4. HP: 25/35 MP: 4/4
  1820 | D:3      | Reached XP level 5. HP: 35/41 MP: 5/5
  1827 | D:3      | Identified the +2 pair of gloves of the Sailor {rF+}
  1898 | D:3      | Noticed a steam dragon
  1960 | D:3      | Reached skill level 5 in Polearms
  2464 | D:3      | Reached XP level 6. HP: 9/47 MP: 6/6
  2465 | D:3      | Slain by a gnoll

Illustrated notes

Levels and vault maps discovered:
D:1:      scummos_arrival_checkerplants, layout_loops_ring,
          dilly_ecumenical_altar_fadedgnrine, minmay_heptomino_h4
D:2:      layout_rooms, minmay_misc_feat_diagonals
D:3:      minmay_octagon_keep, layout_loops_ring, lightli_corner_chamber

Skill      XL: |  1  2  3  4  5 |
---------------+----------------+-----
Polearms       | 3 4 5 |  5.8
Fighting       | |  3.2
Armour         | |  3.2
Shields        | |  3.6

Action                   |  1- 3 |  4- 6 || total
-------------------------+-------+-------++-------
Melee: Trident           |    64 |   121 ||   185
  Use: Scroll            |     3 |     5 ||     8
       Potion            |       |     1 ||     1
Armor: Scale mail        |    10 |    46 ||    56
Dodge: Dodged            |    19 |    41 ||    60
Block: Buckler           |     6 |    24 ||    30
